 Dungeon Crawl Stone Soup version 0.24-a0-67-ga78bd38 (webtiles) character file.

Game seed: 8205839763690804082

57 Blackhawk the Skirmisher (level 4, 0/37 HPs)
             Began as a Formicid Abyssal Knight on Feb 4, 2019.
             Was a Follower of Lugonu.
             Slain by Robin
             ... wielding a +0 spear
              (2 damage)
             ... on level 2 of the Dungeon on Feb 5, 2019.
             The game lasted 00:02:12 (1992 turns).

Blackhawk the Skirmisher (Formicid Abyssal Knight)  Turns: 1992, Time: 00:02:12

Health: 0/37       AC:  3    Str: 18    XL:     4   Next: 18%
Magic:  6/6        EV:  9    Int: 11    God:    Lugonu [*.....]
Gold:   107        SH:  0    Dex: 10    Spells: 3/3 levels left

rFire    x . .     SeeInvis +   a - +1 hand axe
rCold    + . .     Gourm    .   (no shield)
rNeg     . . .     Faith    .   k - +0 leather armour
rPois    .         Spirit   .   (helmet unavailable)
rElec    .         Reflect  .   (no cloak)
rCorr    .         Harm     .   (no gloves)
MR       .....                  (no boots)
Stlth    +.........             f - amulet of regeneration
HPRegen  0.52/turn              g - ring of ice
MPRegen  0.10/turn              h - -2 ring of evasion (curse)

@: no status effects
A: permanent stasis, dig shafts and tunnels, four strong arms, antennae 3
a: Dig, Shaft Self, Depart the Abyss, Renounce Religion


You were on level 2 of the Dungeon.
You worshipped Lugonu.
Lugonu was aware of your devotion.
You were very hungry.

You visited 1 branch of the dungeon, and saw 2 of its levels.
You visited the Abyss 1 time.

You collected 107 gold pieces.

Inventory:

Hand Weapons
 a - a +1 hand axe (weapon)
 b - a +2 dagger of draining
Armour
 k - a +0 leather armour (worn)
Jewellery
 f - an amulet of regeneration (around neck)
 g - a ring of ice (left hand)
 h - a cursed -2 ring of evasion (right hand)
 m - an uncursed ring of magical power
Scrolls
 e - 2 scrolls of identify
 j - a scroll of remove curse {unknown}
 l - a scroll of amnesia {unknown}
Potions
 d - 2 potions of haste {unknown}
 i - 2 potions of heal wounds {unknown}
Comestibles
 c - 6 rations


   Skills:
 + Level 3.7 Fighting
 + Level 2.5 Axes
 + Level 2.8 Armour
 + Level 1.5 Dodging
 + Level 3.0 Invocations


You had 3 spell levels left.
You didn't know any spells.
Your spell library was empty.

Dungeon Overview and Level Annotations

Branches:
Dungeon (2/15)

Altars:

Annotations:
D:2 Robin


Innate Abilities, Weirdness & Mutations

You cannot be hasted, slowed, berserked, paralysed or teleported.
You can dig through walls and to a lower floor.
Your four strong arms can wield two-handed weapons with a shield.
You have a pair of large antennae on your head. (SInv)


Message History

* * * LOW HITPOINT WARNING * * *
Robin hits you with a +0 spear.
* * * LOW HITPOINT WARNING * * *
There is an open door, spattered with blood here.
Items here: )))) †† You hit Robin.
Robin is lightly wounded.
You barely miss the goblin. Robin hits you but does no damage.
The goblin hits you but does no damage.
You hit Robin but do no damage.
Robin is lightly wounded.
You closely miss the goblin. Robin hits you with a +0 spear.
* * * LOW HITPOINT WARNING * * *
The goblin barely misses you. Robin hits you but does no damage.
You hit Robin.
Robin is moderately wounded.
You closely miss the goblin. The goblin hits you.
* * * LOW HITPOINT WARNING * * *
Robin hits you with a +0 spear.
You die...

#........#....+...........
.+####'.#....##........##
#....#.#....+...........
#.##.#.#....##.######.#.
#.##.#.#.#+###.# #...
#....#.#.#.###.########'
.+####+)#................
#......†g#..####..........
+########@..# #..........
........g.# ###########
.#........# #....
#........# #.###
#........# #.#..
######.... #.#8. #.....
#.### #...... #.... #.###


You could see Robin and a goblin.

Vanquished Creatures
  A worm (D:2)
  2 dart slugs (D:1)
  A leopard gecko (D:1)
  4 giant cockroaches (D:1)
  13 goblins
  8 hobgoblins
  3 jackals (D:1)
  A bat (D:1)
  5 frilled lizards
  2 kobolds (D:2)
  4 rats (D:1)
44 creatures vanquished.

Notes
Turn   | Place    | Note
-------+----------+-------------------------------------------
     0 | Abyss:1  | Blackhawk the Formicid Abyssal Knight began the quest for
                  | the Orb.
     0 | Abyss:1  | Reached XP level 1. HP: 18/18 MP: 2/2
    98 | Abyss:1  | Noticed a quasit
    99 | Abyss:1  | Noticed a small abomination
   104 | D:1      | Escaped the Abyss
   121 | D:1      | Reached skill level 1 in Dodging
   127 | D:1      | Reached XP level 2. HP: 11/24 MP: 3/3
   130 | D:1      | Reached * piety under Lugonu
   573 | D:1      | Reached XP level 3. HP: 22/29 MP: 4/4
  1964 | D:2      | Noticed Robin
  1974 | D:2      | Reached XP level 4. HP: 34/37 MP: 6/6
  1992 | D:2      | Slain by Robin

Vault maps used:
D:1:      minmay_arrival_five_plusses
D:2:      minmay_door_path, minivault_11, uniq_robin

Skill      XL: |  1  2  3  4 |
---------------+-------------+-----
Dodging        | 1 |  1.5
Invocations    | 3 |  3.0
Fighting       | |  3.7
Axes           | |  2.5
Armour         | |  2.8

Action                   |  1- 3 |  4- 6 || total
-------------------------+-------+-------++-------
Melee: Hand axe          |   115 |    17 ||   132
Invok: Depart the Abyss  |     1 |       ||     1
  Use: Scroll            |     1 |       ||     1
  Eat: Chunk             |     2 |       ||     2
Armor: Leather armour    |    24 |     9 ||    33
Dodge: Dodged            |    59 |    12 ||    71

Table legend:
 A = Non-vault XP
 B = Vault XP
 C = Vault XP percentage of total XP
 D = Non-vault monster count
 E = Vault monster count
 F = Vault count percentage of total count
                 A         B        C        D         E       F
            +---------+---------+-------+---------+---------+-------
      Total |      65 |      17 |  20.7 |      35 |       9 |  20.5
            +---------+---------+-------+---------+---------+-------
        D:1 |      55 |       0 |   0.0 |      30 |       0 |   0.0
        D:2 |      10 |      17 |  63.0 |       5 |       9 |  64.3
            +---------+---------+-------+---------+---------+-------
